AA NE
NEW HAMPSHIRE FISHER CATS @ AKRON RUBBERDUCKS
09/07/2041
 
TOP OF THE 1ST
New Hampshire Fisher Cats batting - Pitching for Akron RubberDucks : LHP José Ramos
Pitching: LHP José Ramos
Batting: RHB Rogerio López 0-0: Bunt missed!
0-1: Ball
1-1: Fly out, F8 (Line Drive, 8RM, EV 105.0 MPH)
Batting: RHB Gherardo Cantavalle 0-0: Ball
1-0: Fly out, F9 (Flyball, 9S, EV 93.8 MPH)
Batting: SHB Dan Tutt 0-0: Ball
1-0: Ball
2-0: Foul Ball, location: 9LMF
2-1: Ball
3-1: Base on Balls
Batting: LHB Don Harper 0-0: Ball
1-0: Ball
2-0: Ground out 4-3 (Groundball, 34, EV 83.1 MPH)
Top of the 1st over - 0 runs, 0 hits, 0 errors, 1 left on base; New Hampshire 0 - Akron 0
BOTTOM OF THE 1ST
Akron RubberDucks batting - Pitching for New Hampshire Fisher Cats : RHP Apomurti Sudhanshu
Pitching: RHP Apomurti Sudhanshu
Batting: RHB Bradley Gadsden 0-0: Foul Ball, location: 2F
0-1: Ground out 4-3 (Groundball, 4, EV 86.9 MPH)
Batting: LHB Juan Gómes 0-0: SINGLE (Line Drive, 8LS, EV 100.0 MPH)
Batting: RHB Steve Green 0-0: Called Strike
0-1: Foul Ball, location: 3SF
0-2: Ball
1-2: Ball
2-2: Strikes out looking
Batting: RHB Brendan Rogers 0-0: Ball
1-0: Called Strike
1-1: Swinging Strike
1-2: DOUBLE (Line Drive, 89XD, EV 105.0 MPH)
Juan Gómes to third
Batting: LHB Spike Lehman 0-0: Ball
1-0: Called Strike
1-1: Foul Ball, location: 9LSF
1-2: Fly out, F6 (Popup, 6D, EV 48.8 MPH)
Bottom of the 1st over - 0 runs, 2 hits, 0 errors, 2 left on base; New Hampshire 0 - Akron 0
TOP OF THE 2ND
New Hampshire Fisher Cats batting - Pitching for Akron RubberDucks : LHP José Ramos
Batting: LHB Jerry Brewer 0-0: Foul Ball, location: 5SF
0-1: Called Strike
0-2: Foul Ball, location: 5F
0-2: Ball
1-2: Fly out, F8 (Flyball, 8RD, EV 110.6 MPH)
Batting: RHB Juan Flores 0-0: Ball
1-0: Foul Ball, location: 9LDF
1-1: Swinging Strike
1-2: Foul Ball, location: 7LMFF
1-2: Strikes out swinging
Batting: RHB Arnaldo Rovigo 0-0: Foul Ball, location: 9LMF
0-1: DOUBLE (Line Drive, 78D, EV 108.1 MPH)
Batting: LHB Bubba Larkin 0-0: Ball
1-0: Fly out, F7 (Flyball, 78S, EV 88.1 MPH)
Top of the 2nd over - 0 runs, 1 hit, 0 errors, 1 left on base; New Hampshire 0 - Akron 0
BOTTOM OF THE 2ND
Akron RubberDucks batting - Pitching for New Hampshire Fisher Cats : RHP Apomurti Sudhanshu
Batting: RHB Pat Henson 0-0: Ball
1-0: Ball
2-0: Fly out, F9 (Flyball, 89S, EV 90.6 MPH)
Batting: RHB Mike Trujillo 0-0: Ground out 6-3 (Groundball, 6, EV 92.5 MPH)
Batting: RHB Dan Myers 0-0: Ball
1-0: DOUBLE (Flyball, 78XD, EV 100.0 MPH)
Batting: RHB Tim Adkins 0-0: Called Strike
0-1: Called Strike
0-2: Ball
1-2: Fly out, F9 (Flyball, 89M, EV 98.1 MPH)
Bottom of the 2nd over - 0 runs, 1 hit, 0 errors, 1 left on base; New Hampshire 0 - Akron 0
TOP OF THE 3RD
New Hampshire Fisher Cats batting - Pitching for Akron RubberDucks : LHP José Ramos
Batting: RHB Ed Smith 0-0: Ball
1-0: Called Strike
1-1: Foul Ball, location: 5F
1-2: Strikes out swinging
Batting: RHB Rogerio López 0-0: Ball
1-0: Bunt for hit to 15S - play at first, batter OUT! 1-3
Batting: RHB Gherardo Cantavalle 0-0: Foul Ball, location: 2F
0-1: Hit by Pitch
Batting: SHB Dan Tutt 0-0: Ball
1-0: Foul Ball, location: 2F
1-1: Ball
2-1: Called Strike
2-2: Foul Ball, location: 2F
2-2: DOUBLE (Line Drive, 7LS, EV 105.0 MPH)
Gherardo Cantavalle to third
Batting: LHB Don Harper 0-0: Called Strike
0-1: Ball
1-1: Fly out, F8 (Line Drive, 8LM, EV 100.6 MPH)
Top of the 3rd over - 0 runs, 1 hit, 0 errors, 2 left on base; New Hampshire 0 - Akron 0
BOTTOM OF THE 3RD
Akron RubberDucks batting - Pitching for New Hampshire Fisher Cats : RHP Apomurti Sudhanshu
Batting: RHB Bradley Gadsden 0-0: Called Strike
0-1: Foul Ball, location: 2F
0-2: Ball
1-2: Strikes out swinging
Batting: LHB Juan Gómes 0-0: Ball
1-0: Ball
2-0: Foul Ball, location: 9LMF
2-1: Fly out, F8 (Flyball, 8RXD, EV 93.8 MPH)
Batting: RHB Steve Green 0-0: Ball
1-0: Called Strike
1-1: Swinging Strike
1-2: Strikes out swinging
Bottom of the 3rd over - 0 runs, 0 hits, 0 errors, 0 left on base; New Hampshire 0 - Akron 0
TOP OF THE 4TH
New Hampshire Fisher Cats batting - Pitching for Akron RubberDucks : LHP José Ramos
Batting: LHB Jerry Brewer 0-0: Foul Ball, location: 2F
0-1: Ground out 1-3 (Groundball, 13S, EV 66.9 MPH)
Batting: RHB Juan Flores 0-0: Fly out, F9 (Flyball, 9S, EV 95.6 MPH)
Batting: RHB Arnaldo Rovigo 0-0: Foul Ball, location: 2F
0-1: Called Strike
0-2: Foul Ball, location: 2F
0-2: Ground out 5-3 (Groundball, 56, EV 85.6 MPH)
Top of the 4th over - 0 runs, 0 hits, 0 errors, 0 left on base; New Hampshire 0 - Akron 0
BOTTOM OF THE 4TH
Akron RubberDucks batting - Pitching for New Hampshire Fisher Cats : RHP Apomurti Sudhanshu
Batting: RHB Brendan Rogers 0-0: Fly out, F9 (Flyball, 9, EV 74.4 MPH)
Batting: LHB Spike Lehman 0-0: Ball
1-0: Ball
2-0: DOUBLE (Groundball, 3L, EV 97.5 MPH)
Batting: RHB Pat Henson 0-0: Called Strike
0-1: Called Strike
0-2: Hit by Pitch
Batting: RHB Mike Trujillo 0-0: Ball
1-0: Ball
2-0: Ball
3-0: Called Strike
3-1: Grounds into double play, 4-6-3 (Groundball, 4, EV 85.6 MPH)
Bottom of the 4th over - 0 runs, 1 hit, 0 errors, 1 left on base; New Hampshire 0 - Akron 0
TOP OF THE 5TH
New Hampshire Fisher Cats batting - Pitching for Akron RubberDucks : LHP José Ramos
Batting: LHB Bubba Larkin 0-0: Foul Ball, location: 9LMF
0-1: Ball
1-1: Ball
2-1: Foul Ball, location: 2F
2-2: Foul Ball, location: 23FF
2-2: Ball
3-2: Foul Ball, location: 2F
3-2: Ground out 4-3 (Groundball, 34D, EV 103.1 MPH)
Batting: RHB Ed Smith 0-0: Ball
1-0: Ball
2-0: Foul Ball, location: 5FF
2-1: Ball
3-1: Foul Ball, location: 2F
3-2: Base on Balls
Batting: RHB Rogerio López 0-0: Ball
1-0: Foul Ball, location: 3DF
1-1: DOUBLE (Line Drive, 89M, EV 88.1 MPH)
Ed Smith to third
Batting: RHB Gherardo Cantavalle 0-0: Ball
1-0: Swinging Strike
1-1: Swinging Strike
1-2: Ball
2-2: Ball
3-2: Base on Balls
Batting: SHB Dan Tutt 0-0: Foul Ball, location: 2F
0-1: Swinging Strike
0-2: Strikes out looking
Batting: LHB Don Harper 0-0: Ball
1-0: Ball
2-0: Ball
3-0: Base on Balls
Ed Smith scores
Rogerio López to third
Gherardo Cantavalle to second
Batting: LHB Jerry Brewer 0-0: Called Strike
0-1: Ball
1-1: Foul Ball, location: 2LF
1-2: Strikes out swinging
Top of the 5th over - 1 run, 1 hit, 0 errors, 3 left on base; New Hampshire 1 - Akron 0
BOTTOM OF THE 5TH
Akron RubberDucks batting - Pitching for New Hampshire Fisher Cats : RHP Apomurti Sudhanshu
Batting: RHB Dan Myers 0-0: Ball
1-0: Called Strike
1-1: Swinging Strike
1-2: Foul Ball, location: 2F
1-2: Strikes out looking
Batting: RHB Tim Adkins 0-0: Foul Ball, location: 2F
0-1: Ball
1-1: Swinging Strike
1-2: Ball
2-2: Ball
3-2: Foul Ball, location: 9LDF
3-2: Base on Balls
Batting: RHB Bradley Gadsden 0-0: Called Strike
0-1: Called Strike
0-2: Fly out, F9 (Flyball, 9S, EV 93.1 MPH)
Batting: LHB Juan Gómes 0-0: Foul Ball, location: 9LMF
0-1: Ball
1-1: Swinging Strike
1-2: Strikes out swinging
Bottom of the 5th over - 0 runs, 0 hits, 0 errors, 1 left on base; New Hampshire 1 - Akron 0
TOP OF THE 6TH
New Hampshire Fisher Cats batting - Pitching for Akron RubberDucks : LHP José Ramos
Pitching: RHP Ben Lenn
Batting: RHB Juan Flores 0-0: Ground out 5-3 (Groundball, 56S, EV 74.4 MPH)
Batting: RHB Arnaldo Rovigo 0-0: Called Strike
0-1: Swinging Strike
0-2: SINGLE (Groundball, 6MD, EV 98.8 MPH)
Batting: LHB Bubba Larkin 0-0: Ball
1-0: Ball
2-0: Ball
3-0: Base on Balls
Arnaldo Rovigo to second
Batting: RHB Ed Smith 0-0: Swinging Strike
0-1: Ball
1-1: Ball
2-1: Ball
3-1: Called Strike
3-2: SINGLE (Line Drive, 7LS, EV 100.6 MPH)
Arnaldo Rovigo to third
Bubba Larkin to second
Batting: RHB Rogerio López 0-0: Called Strike
0-1: Ball
1-1: Hit by Pitch
Arnaldo Rovigo scores
Bubba Larkin to third
Ed Smith to second
Pinch Runner at 1st Octávio Galván:
Batting: RHB Gherardo Cantavalle 0-0: Swinging Strike
0-1: Ball
1-1: Foul Ball, location: 2F
1-2: Foul Ball, location: 2F
1-2: Ball
2-2: Foul Ball, location: 2F
2-2: Fly out, F9 (Flyball, 9D, EV 85.0 MPH)
Runner from 3rd tags up, SCORES, no throw by RF
Batting: SHB Dan Tutt 0-0: Ball
1-0: Fly out, F7 (Flyball, 7, EV 78.8 MPH)
Top of the 6th over - 2 runs, 2 hits, 0 errors, 2 left on base; New Hampshire 3 - Akron 0
BOTTOM OF THE 6TH
Akron RubberDucks batting - Pitching for New Hampshire Fisher Cats : RHP Apomurti Sudhanshu
Now in RF: José Román
Batting: RHB Steve Green 0-0: Ball
1-0: DOUBLE (Flyball, 89D, EV 94.4 MPH)
Batting: RHB Brendan Rogers 0-0: Called Strike
0-1: Ground out 6-3 (Groundball, 6, EV 92.5 MPH)
Steve Green to third
Batting: LHB Spike Lehman 0-0: Called Strike
0-1: Ball
1-1: Foul Ball, location: 7LDF
1-2: Ball
2-2: SINGLE (Line Drive, 3D, EV 94.4 MPH)
Steve Green scores
Batting: RHB Pat Henson 0-0: Ball
1-0: Called Strike
1-1: Foul Ball, location: 2F
1-2: Ball
2-2: Foul Ball, location: 5F
2-2: Ball
3-2: Strikes out swinging
Batting: RHB Mike Trujillo 0-0: Fielders Choice at 2nd, 6-4 (Groundball, 6, EV 80.0 MPH)
Bottom of the 6th over - 1 run, 2 hits, 0 errors, 1 left on base; New Hampshire 3 - Akron 1
TOP OF THE 7TH
New Hampshire Fisher Cats batting - Pitching for Akron RubberDucks : RHP Ben Lenn
Batting: LHB Don Harper 0-0: Foul Ball, location: 2F
0-1: Foul Ball, location: 5SF
0-2: Ball
1-2: Ball
2-2: Ball
3-2: Fly out, F6 (Line Drive, 6, EV 71.3 MPH)
Batting: LHB Jerry Brewer 0-0: Swinging Strike
0-1: Ball
1-1: Ground out U3 (Groundball, 23, EV 86.9 MPH)
Batting: RHB Juan Flores 0-0: Foul Ball, location: 5F
0-1: Ball
1-1: Ball
2-1: Ground out 6-3 (Groundball, 56, EV 103.1 MPH)
Top of the 7th over - 0 runs, 0 hits, 0 errors, 0 left on base; New Hampshire 3 - Akron 1
BOTTOM OF THE 7TH
Akron RubberDucks batting - Pitching for New Hampshire Fisher Cats : RHP Apomurti Sudhanshu
Batting: RHB Dan Myers 0-0: Foul Ball, location: 2RF
0-1: Swinging Strike
0-2: Strikes out swinging
Batting: RHB Tim Adkins 0-0: Called Strike
0-1: Ball
1-1: Called Strike
1-2: Strikes out looking
Batting: RHB Bradley Gadsden 0-0: Ground out 4-3 (Groundball, 4, EV 103.8 MPH)
Bottom of the 7th over - 0 runs, 0 hits, 0 errors, 0 left on base; New Hampshire 3 - Akron 1
TOP OF THE 8TH
New Hampshire Fisher Cats batting - Pitching for Akron RubberDucks : RHP Ben Lenn
Batting: RHB Arnaldo Rovigo 0-0: Ball
1-0: Ball
2-0: Foul Ball, location: 3F
2-1: Ball
3-1: Called Strike
3-2: Base on Balls
Batting: LHB Bubba Larkin 0-0: Ball
1-0: Called Strike
1-1: Ball
2-1: Foul Ball, location: 3F
2-2: Strikes out looking
Batting: RHB Ed Smith 0-0: Called Strike
0-1: Swinging Strike
0-2: SINGLE (Line Drive, 56D, EV 96.9 MPH)
Arnaldo Rovigo to second
Batting: RHB José Román 0-0: Ground out 6-3 (Groundball, 6S, EV 63.8 MPH)
Arnaldo Rovigo to third
Ed Smith to second
Batting: RHB Gherardo Cantavalle 0-0: Called Strike
0-1: SINGLE (Line Drive, 8RS, EV 103.8 MPH)
Arnaldo Rovigo scores
Ed Smith to third
Batting: SHB Dan Tutt 0-0: Ground out 4-3 (Groundball, 4MS, EV 80.0 MPH)
Top of the 8th over - 1 run, 2 hits, 0 errors, 2 left on base; New Hampshire 4 - Akron 1
BOTTOM OF THE 8TH
Akron RubberDucks batting - Pitching for New Hampshire Fisher Cats : RHP Apomurti Sudhanshu
Batting: LHB Juan Gómes 0-0: Called Strike
0-1: Ball
1-1: Ball
2-1: Ball
3-1: Fly out, F8 (Flyball, 8LD, EV 96.9 MPH)
Batting: RHB Steve Green 0-0: Ball
1-0: Foul Ball, location: 5FF
1-1: Swinging Strike
1-2: Ball
2-2: Fly out, F5 (Popup, 5SF, EV 71.3 MPH)
Pitching: LHP Rod Rodmell
Batting: RHB Brendan Rogers 0-0: Ground out 6-3 (Groundball, 6M, EV 88.8 MPH)
Bottom of the 8th over - 0 runs, 0 hits, 0 errors, 0 left on base; New Hampshire 4 - Akron 1
TOP OF THE 9TH
New Hampshire Fisher Cats batting - Pitching for Akron RubberDucks : RHP Ben Lenn
Pitching: RHP Rubén Cordero
Batting: LHB Don Harper 0-0: Called Strike
0-1: Foul Ball, location: 2F
0-2: Strikes out swinging
Batting: LHB Jerry Brewer 0-0: Ball
1-0: Ball
2-0: Called Strike
2-1: SINGLE (Line Drive, 89S, EV 110.6 MPH)
Batting: RHB Juan Flores 0-0: Ball
1-0: Called Strike
1-1: 2-RUN HOME RUN (Flyball, 78XD, EV 111.3 MPH), Distance : 413 ft
Batting: RHB Arnaldo Rovigo 0-0: Ball
1-0: Fly out, F3 (Line Drive, 3, EV 70.6 MPH)
Batting: LHB Bubba Larkin 0-0: Swinging Strike
0-1: Called Strike
0-2: SINGLE (Line Drive, 78S, EV 96.3 MPH)
Batting: RHB Ed Smith 0-0: Called Strike
0-1: Swinging Strike
0-2: Strikes out swinging
Top of the 9th over - 2 runs, 3 hits, 0 errors, 1 left on base; New Hampshire 6 - Akron 1
BOTTOM OF THE 9TH
Akron RubberDucks batting - Pitching for New Hampshire Fisher Cats : LHP Rod Rodmell
Batting: LHB Spike Lehman 0-0: Called Strike
0-1: Called Strike
0-2: Ball
1-2: SINGLE (Groundball, 25, EV 69.4 MPH) (infield hit)
Batting: RHB Pat Henson 0-0: Ball
1-0: Swinging Strike
1-1: Fly out, F9 (Flyball, 9D, EV 111.3 MPH)
Batting: RHB Mike Trujillo 0-0: Ball
1-0: Called Strike
1-1: Fly out, F7 (Flyball, 7, EV 91.3 MPH)
Batting: RHB Dan Myers 0-0: Foul Ball, location: 2F
0-1: Fly out, F8 (Flyball, 8RM, EV 80.6 MPH)
Bottom of the 9th over - 0 runs, 1 hit, 0 errors, 1 left on base; New Hampshire 6 - Akron 1
Monday, April 1st , 2024 - OOTP Baseball 24.10 Build 82